Map: Scalo orbitale

Players

PeterShaw - Winner!

  • Race: Zerg Zerg
  • League: Diamond

Jhyrachy

  • Race: Zerg Zerg
  • League: Silver

VOD

Have the link to the VOD?

Description

Time

  • Played on: Dec. 20, 2015, 6:38 a.m.
  • Length: 5:40
Show
View Real Time Build Order
Export as new Build Order

PeterShaw Zerg - Winner!

Build Orders: Hatch First, Zergling Baneling 

Get SALT Encoding   

  12  0:10  Overlord  
  12  0:15  Drone  
  12  0:18  Drone  
  14  0:29  Drone  
  14  0:33  Drone  
  16  0:51  Hatchery  
  15  1:00  Drone x2  
  17  1:11  Spawning Pool  
  17  1:14  Extractor  
  17  1:16  Drone  
  16  1:20  Drone  
  17  1:28  Drone  
  18  1:49  Drone x2  
  20  1:58  Queen  
  20  2:00  Overlord  
  22  2:04  Queen  
  24  2:09  Zergling x2  
  24  2:14  Metabolic Boost  
  25  2:16  Drone  
  26  2:36  Zergling x8  
  30  2:43  Baneling Nest  
  27  2:45  Zergling x2  
  28  2:53  Queen  
  30  2:59  Drone x3  
  33  3:08  Zergling x6  
  35  3:15  Drone  
  35  3:17  Overlord  
  35  3:36  Baneling x5  
  35  3:37  Zergling x8  
  35  3:40  Zergling x2  
  40  3:50  Zergling x2  
  40  3:51  Zergling x4  
  41  4:05  Zergling x6  
  40  4:13  Zergling x8  
  40  4:14  Overlord  
  40  4:15  Overlord  
  44  4:19  Baneling x3  
  44  4:29  Baneling x4  
  37  4:57  Zergling x24  
  49  5:11  Zergling x6  
  49  5:13  Baneling x2  
Show
View Real Time Build Order
Export as new Build Order

Jhyrachy Zerg 

Build Orders: Pool First 

Get SALT Encoding   

  12  0:02  Drone  
  13  0:11  Drone  
  14  0:14  Extractor  
  14  0:16  Drone  
  14  0:33  Spawning Pool  
  13  0:44  Drone  
  14  0:51  Overlord  
  14  1:21  Hatchery, Drone  
  14  1:30  Metabolic Boost  
  14  1:41  Zergling x4  
  16  1:51  Queen  
  18  1:57  Zergling x2  
  19  2:08  Zergling x4  
  21  2:25  Baneling Nest  
  21  2:27  Drone  
  18  3:15  Overlord x2  
  18  3:30  Zergling x2  
  18  3:33  Queen  
  21  3:43  Spine Crawler  
  21  3:47  Zergling x2  
  21  3:48  Zergling x20  
  15  4:23  Drone x2  
  15  4:24  Drone x3  
Tags
 
Add a new tag
Caveats
  • Supply blocks, unpowered buildings, or Contaminate may cause inaccurate times.
  • Supply counts are checked every 10 seconds.